 Dungeon Crawl Stone Soup version 0.14-a0-1974-gdb6e453 (webtiles) character file.

164 Kae the Firebug (level 4, 0/24 HPs)
             Began as a Tengu Fire Elementalist on Jan 18, 2014.
             Succumbed to a kobold's curare-tipped needle
             ... on Level 3 of the Dungeon.
             The game lasted 00:03:23 (2059 turns).

Kae the Firebug (Tengu Fire Elementalist)           Turns: 2059, Time: 00:03:23

HP   0/24        AC  4     Str 14      XL: 4   Next: 71%
MP   9/9         EV 17     Int 16      God:
Gold 66          SH  0     Dex 19      Spells:  1 memorised,  7 levels left

rFire  . . .     SeeInvis .     h - -1 short sword (curse)
rCold  . . .     Clarity  .     a - +0 robe
rNeg   . . .     Conserve .     (no shield)
rPois  .         rCorr    .     (helmet restricted)
rElec  .         rRot     .     (no cloak)
SustAb . .       Spirit   .     d - +1 pair of dwarf gloves
rMut   .         Warding  .     (boots unavailable)
Saprov . . .     Stasis   .     (no amulet)
MR     .....                    (no ring)
                                (no ring)

@: mighty, agile, mildly poisoned, slowed, drained, very slow, not resistant to
hostile enchantments, quite stealthy
A: beak, talons 3
a: no special abilities


You were on level 3 of the Dungeon.
You were hungry.

You visited 1 branch of the dungeon, and saw 3 of its levels.

You collected 66 gold pieces.

Inventory:

Hand weapons
 h - a cursed -1,-1 short sword (weapon)
Missiles
 e - 5 tomahawks (quivered)
Armour
 a - a +0 robe (worn)
 d - a +1 pair of dwarven gloves (worn)
Magical devices
 p - a wand of random effects (5) {unknown}
Comestibles
 c - a bread ration
 g - a choko
 r - a banana
 v - a snozzcumber
Scrolls
 f - a scroll of curse jewellery {unknown}
 i - 2 scrolls of enchant weapon I {unknown}
 k - a scroll of fear {unknown}
 l - 3 scrolls of remove curse {unknown}
 q - a scroll of enchant armour {unknown}
 s - a scroll of magic mapping {unknown}
 t - a scroll of amnesia {unknown}
 u - a scroll of teleportation {unknown}
Jewellery
 n - a +5 ring of intelligence {unknown}
Potions
 m - 3 potions of might
Books
 b - a book of Flames

   Spells                             Type                      Level
   *Flame Tongue                      Conjuration/Fire             1
   Throw Flame                        Conjuration/Fire             2
   Conjure Flame                      Conjuration/Fire             3
   Inner Flame                        Hexes/Fire                   3
   Sticky Flame                       Conjuration/Fire             4
   Fireball                           Conjuration/Fire             5


   Skills:
 - Level 2.1(1.4) Dodging
 - Level 2.0(1.3) Stealth
 + Level 2.7(2.0) Spellcasting
 * Level 3.6(2.9) Conjurations
 * Level 4.4(3.7) Fire Magic


You had 7 spell levels left.
You knew the following spells:

 Your Spells              Type           Power        Failure   Level  Hunger
a - Flame Tongue          Conj/Fire      ##...        8%          1    #......


Dungeon Overview and Level Annotations

Branches:
Dungeon (3/16)

Altars:
Trog


Innate Abilities, Weirdness & Mutations

You have a beak for a mouth.
You have claws for feet.


Message History

Drink which item? (? for menu, Esc to quit)
You feel very mighty all of a sudden.
It was a potion of might.
Drink which item? (? for menu, Esc to quit)
You feel agile all of a sudden.
It was a potion of agility.
Drink which item? (? for menu, Esc to quit)
Magic courses through your body.
It was a potion of magic.
* * * LOW HITPOINT WARNING * * *
You feel sick.
Things that are here:
an uncursed dagger of draining; an uncursed orcish blowgun 4 curare-tipped needles
* * * LOW HITPOINT WARNING * * *
You feel sick.
You feel a little better.
Drink which item? (? for menu, Esc to quit)
Okay, then.
Found a stone staircase leading down.
You die...

#........#
#.#######. #
#........# #)#
###........# #.#
.....<.....# #.#
###.#.#########.#
# #.### ###...#
#.# #.....# #.#
#.###.####.# ...
.. #.@>...# . ...
## #.###..# ###..
...# # . #...##
#.#.# . .. .##


There were no monsters in sight!

Vanquished Creatures
  A gnoll (D:1)
  2 adders (D:2)
  A giant gecko (D:1)
  9 bats
  5 giant cockroaches
  13 hobgoblins
  8 kobolds
  A ball python (D:1)
  3 giant newts
  16 goblins
  A kobold zombie (D:3)
  5 rats
65 creatures vanquished.

Notes
Turn   | Place    | Note
--------------------------------------------------------------
     0 | D:1      | Kae, the Tengu Fire Elementalist, began the quest for the Orb.
     0 | D:1      | Reached XP level 1. HP: 10/10 MP: 3/3
   106 | D:1      | Reached XP level 2. HP: 15/15 MP: 3/5
   672 | D:1      | Reached XP level 3. HP: 19/19 MP: 7/7
   736 | D:1      | Reached skill level 4 in Fire Magic
  1127 | D:2      | Reached XP level 4. HP: 24/24 MP: 9/9
  1717 | D:2      | Found a bloodstained altar of Trog.
  1954 | D:3      | Found a bloodstained altar of Trog.
  2053 | D:3      | HP: 1/24 [poisoned by a kobold (curare-tipped needle)]
  2059 | D:3      | Succumbed to a kobold's curare-tipped needle

Action                   |  1- 3 |  4- 6 || total
-------------------------+-------+-------++-------
Melee: Unarmed           |    29 |       ||    29
       Short sword       |    40 |    37 ||    77
 Cast: Flame Tongue      |    33 |    36 ||    69
  Use: Potion            |       |     3 ||     3
 Stab: Sleeping          |     4 |     1 ||     5
